 Dungeon Crawl Stone Soup version 0.20.1-1-g8b1a95d (webtiles) character file.

399 Kingsmith the Nimble (level 6, 0/47 HPs)
             Began as a Merfolk Monk on Dec 7, 2017.
             Blown up by Ijyb (5 damage)
             ... with a wand of disintegration (?/24)
             ... on level 5 of the Dungeon.
             The game lasted 00:06:36 (4132 turns).

Kingsmith the Nimble (Merfolk Monk)                 Turns: 4132, Time: 00:06:37

Health: 0/47       AC:  3    Str: 12    XL:     6   Next: 84%
Magic:  6/6        EV: 18    Int: 10    God:
Gold:   219        SH:  5    Dex: 17    Spells: 5/5 levels left

rFire    . . .     SeeInvis .   a - +0 spear
rCold    . . .     Gourm    .   d - +0 buckler
rNeg     . . .     Faith    .   b - +0 robe
rPois    .         Spirit   .   e - +0 helmet
rElec    .         Reflect  .   (no cloak)
rCorr    .         Harm     .   (no gloves)
MR       .....                  (no boots)
Stlth    ++........             (no amulet)
Regen    0.2/turn               (no ring)
MPRegen  0.1/turn               (no ring)

@: lethally poisoned (0 -> -5)
A: change form in water, swift swim, stealthy swim
a: no special abilities


You were on level 5 of the Dungeon.
You were near starving.

You visited 1 branch of the dungeon, and saw 5 of its levels.

You collected 219 gold pieces.

Inventory:

Hand Weapons
 a - a +0 spear (weapon)
Armour
 b - a +0 robe (worn)
 d - a +0 buckler (worn)
 e - a +0 helmet (worn)
 r - a cursed +0 shield
Jewellery
 g - an uncursed ring of positive energy {unknown}
 n - a +5 amulet of reflection {unknown}
Wands
 m - a wand of random effects (12/48)
Scrolls
 i - 4 scrolls of teleportation {unknown}
 j - a scroll of enchant armour {unknown}
 l - a scroll of magic mapping {unknown}
 s - 3 scrolls of identify {unknown}
 v - a scroll of enchant weapon {unknown}
 x - a scroll of immolation {unknown}
 y - a scroll of blinking {unknown}
 z - 2 scrolls of remove curse {unknown}
 B - a scroll of noise {unknown}
Potions
 f - a potion of agility {unknown}
 h - 6 potions of curing {unknown}
 k - 2 potions of brilliance {unknown}
 o - a potion of heal wounds {unknown}
 p - a potion of flight {unknown}
 w - 2 potions of ambrosia {unknown}
Comestibles
 c - 6 bread rations
 q - a royal jelly
 t - a fruit
 u - 2 meat rations


   Skills:
 - Level 3.2 Fighting
 - Level 4.4 Polearms
 + Level 9.0 Dodging
 - Level 2.1 Stealth
 - Level 2.7 Shields


You had 5 spell levels left.
You didn't know any spells.

Dungeon Overview and Level Annotations

Branches:
Dungeon (5/15)             Temple (0/1) D:4

Altars:
Kikubaaqudgha
Makhleb
Vehumet
Xom
The Shining One

Annotations:
D:4 1 runed door
D:5 Ijyb


Message History

You block Ijyb's attack.
You hit Ijyb but do no damage.
Ijyb is moderately wounded.
You block Ijyb's attack.
You hit Ijyb but do no damage.
Ijyb is moderately wounded.
Ijyb hits you with a dagger of venom.
* * * LOW HITPOINT WARNING * * *
You are poisoned.
You hit Ijyb but do no damage.
Ijyb is moderately wounded.
You feel sick.
You hit Ijyb but do no damage.
Ijyb is moderately wounded.
You feel sick.
Ijyb zaps a wand.
You are blasted!
* * * LOW HITPOINT WARNING * * *
You closely miss Ijyb.
Ijyb is moderately wounded.
Ijyb zaps a wand.
You are blasted!
You die...

.# ... .# .# #.# #.#
.# #.##.# ####.# .#
#.##>. ..#.# .#
#.##.# #.#.# .#
#.##.######...######
.#
#.##...............Y
.#
#.##.#######..#####
.# #.##.# ##@#
.###....# #g#
.....#### #l.
.........# #...
.........# #....
.........# ##..#.
+####....# #.#..
....# .# #. ....#


You could see Ijyb and an iguana.

Vanquished Creatures
  2 scorpions (D:4)
  A bullfrog skeleton (D:4)
  3 worker ants (D:4)
  Robin (D:3)
  8 adders
  2 oozes
  An adder skeleton (D:4)
  A worm (D:3)
  3 dart slugs
  3 leopard geckos
  5 orcs
  2 ball pythons (D:4)
  4 bats
  6 giant cockroaches
  13 goblins
  9 hobgoblins
  8 jackals
  6 kobolds
  A quokka (D:3)
  5 frilled lizards
  2 quokka skeletons (D:4)
  11 rats
97 creatures vanquished.

Notes
Turn   | Place    | Note
-------+----------+-------------------------------------------
     0 | D:1      | Kingsmith the Merfolk Monk began the quest for the Orb.
     0 | D:1      | Reached XP level 1. HP: 18/18 MP: 1/1
   211 | D:1      | Reached XP level 2. HP: 24/24 MP: 2/2
   377 | D:1      | Reached skill level 5 in Dodging
   521 | D:1      | Reached XP level 3. HP: 24/29 MP: 3/3
   816 | D:2      | Reached skill level 1 in Shields
   903 | D:2      | Reached skill level 6 in Dodging
   903 | D:2      | Reached XP level 4. HP: 29/35 MP: 4/4
  1597 | D:3      | Noticed Robin
  1632 | D:3      | Killed Robin
  1632 | D:3      | Reached XP level 5. HP: 24/41 MP: 5/5
  2036 | D:3      | Found a faded altar of an unknown god.
  2271 | D:3      | Reached skill level 7 in Dodging
  2312 | D:3      | Found a hide-covered altar of Uskayaw.
  2314 | D:3      | Found a shimmering altar of Xom.
  2314 | D:3      | Found a glowing golden altar of the Shining One.
  2316 | D:3      | Found an ancient bone altar of Kikubaaqudgha.
  2316 | D:3      | Found a glowing golden altar of the Shining One.
  2316 | D:3      | Found a shimmering altar of Xom.
  2622 | D:4      | Found a staircase to the Ecumenical Temple.
  2640 | D:4      | Reached XP level 6. HP: 22/47 MP: 6/6
  2833 | D:4      | Found a runed door.
  2916 | D:4      | Reached skill level 8 in Dodging
  3910 | D:4      | Reached skill level 9 in Dodging
  3982 | D:4      | Found a radiant altar of Vehumet.
  3985 | D:4      | Found a glowing golden altar of the Shining One.
  3988 | D:4      | Found a burning altar of Makhleb.
  4084 | D:5      | Entered Level 5 of the Dungeon
  4109 | D:5      | Noticed Ijyb
  4110 | D:5      | Noticed an ice beast
  4132 | D:5      | Blown up by Ijyb

Skill      XL: |  1  2  3  4  5  6 |
---------------+-------------------+-----
Dodging        | 5 6 7 9 |  9.0
Shields        | 1 2 |  2.7
Fighting       | |  3.2
Polearms       | |  4.4
Stealth        | |  2.1

Action                   |  1- 3 |  4- 6 || total
-------------------------+-------+-------++-------
Melee: Spear             |   133 |   383 ||   516
 Stab: Sleeping          |     3 |    12 ||    15
  Eat: Chunk             |       |     9 ||     9
Armor: Robe              |    16 |    21 ||    37
Dodge: Dodged            |    89 |   201 ||   290
Block: Buckler           |    22 |    60 ||    82
